 Dungeon Sprint DCSS version 0.30-a0-122-g2a1322497e (webtiles) character file.

Game seed: 630489299431662857

427 snetch the Cleaver (level 6, -12/102 HPs)
             Began as a Minotaur Berserker on Sept 16, 2022.
             Was a Believer of Trog.
             Mangled by Sonja
             ... wielding a +1 short sword of distortion
              (15 damage)
             ... in the Dungeon (Sprint I: "Red Sonja").
             The game lasted 00:01:51 (505 turns).

snetch the Cleaver (Minotaur Berserker)              Turns: 505, Time: 00:01:52

Health: -12/102    AC:  9    Str: 24    XL:     6   Next: 65%
Magic:  5/5        EV: 11    Int:  4    God:    Trog [**....]
Gold:   297        SH:  0    Dex:  9    Spells: 5/5 levels left

rFire   . . .      SeeInvis .    a - +0 hand axe
rCold   . . .      Faith    .    (no shield)
rNeg    . . .      Spirit   .    j - +2 scale mail {rPois}
rPois   +          Reflect  .    (helmet restricted)
rElec   .          Harm     .    (no cloak)
rCorr   .          Rampage  .    (no gloves)
Will    ++...      NoTele   +    (no boots)
Stlth   ..........               (no amulet)
HPRegen 1.27/turn                (no ring)
MPRegen 0.09/turn                (no ring)

@: berserking (expiring), strong-willed (expiring), regenerating (expiring),
very quick
A: horns 2, retaliatory headbutt
a: Renounce Religion, Berserk, Trog's Hand


You were in the Dungeon.
You worshipped Trog.
Trog was pleased with you.
You visited 1 branch You collected 297 gold pieces.

Inventory:

Hand Weapons
 a - a +0 hand axe (weapon)
 b - a +2 vorpal scythe
Armour
 j - a +2 scale mail of poison resistance (worn)
 k - the +2 leather armour of Faanus {Rampage rC+ Regen+ Stlth-}
   (You found it in the Dungeon)

   rC:        It protects you from cold.
   Regen:     It increases your rate of health regeneration.
   Rampage:   It bestows one free step when moving towards enemies.
   Stlth:     It makes you less stealthy.
Wands
 i - a wand of quicksilver (3)
Scrolls
 h - a scroll of blinking
 l - a scroll of vulnerability {unknown}
Potions
 c - a potion of curing
 e - a potion of haste
 f - 2 potions of magic
 g - a potion of berserk rage


   Skills:
 + Level 11.0 Fighting
 + Level 11.4 Axes
 + Level 5.8 Armour
 + Level 6.2 Dodging


You had 5 spell levels left.
You didn't know any spells.
Your spell library was empty.

Dungeon Overview and Level Annotations

Branches:
Dungeon (1/1)

Altars:
Cheibriados
Dithmenos
Elyvilon
Fedhas
Gozag
Hepliaklqana
Kikubaaqudgha
Nemelex Xobeh
Okawaru
Qazlal
Ru
Sif Muna
Trog
Uskayaw
Vehumet
Wu Jian
Yredelemnul
Zin
The Shining One

Shops:
D (

Annotations:
D Sonja


Innate Abilities, Weirdness & Mutations

You have a pair of horns on your head.
You reflexively headbutt those who attack you in melee.


Message History

You barely miss Sonja.
Sonja plants her feet in a plie.
Sonja gestures wildly while chanting.
Sonja blinks!
Sonja gestures wildly while chanting.
Sonja blinks!
Unknown command.
Your skin crawls.
You feel strong-willed.
You feel much better.
Sonja zaps a wand.
You resist with almost no effort.
Sonja gestures wildly while chanting.
Sonja blinks!
There is a radiant altar of Vehumet here.
You completely miss Sonja.
Sonja hits you with a +1 short sword of distortion.
Space warps horribly around you!!
Sonja hits you with a +1 short sword of distortion.
Space warps around you.
* * * LOW HITPOINT WARNING * * *
Sonja barely misses you.
A red film seems to cover your vision as you go berserk!
You feel yourself moving faster!
You feel mighty!
Sonja gestures wildly while chanting.
Sonja blinks!
Sonja zaps a wand.
Your mind is blasted!
* * * LOW HITPOINT WARNING * * *
You feel a strong urge to attack something.
Sonja says, "If only old Madame Brzewit could see me now!"
Sonja hits you but does no damage. Sonja closely misses you.
Sonja hits you with a +1 short sword of distortion.
* * * LOW HITPOINT WARNING * * *
You closely miss Sonja. Your headbutt misses Sonja. You slash Sonja!
Sonja is heavily wounded.
You feel the effects of Trog's Hand fading.
Sonja hits you but does no damage.
Sonja hits you with a +1 short sword of distortion.
* * * LOW HITPOINT WARNING * * *
Space warps horribly around you!
You die...

################
#<.#.)'†.#..'..#
#..')[#..'..#..+
#..#####'#####'#
#..####..#...#.#
#..#__####..##K#
#..#_____##'#_@+
#⌠⌠#_.∩...'..._#
####_..__##_.#+#
#_____###'#
####### #.#
+$.$+ #$.$#
##.## #+#


You could see Sonja.

Vanquished Creatures
  Sigmund (D)
  A yak (D)
  An ogre (D)
  A jelly (D)
  Ijyb (D)
5 creatures vanquished.

Notes
Turn   | Place    | Note
-------+----------+-------------------------------------------
     0 | D        | snetch the Minotaur Berserker began the quest for the Orb.
     0 | D        | Reached XP level 1. HP: 19/19 MP: 0/0
     1 | D        | Noticed Ijyb
     9 | D        | Killed Ijyb
    10 | D        | Reached skill level 5 in Fighting
    10 | D        | Reached skill level 5 in Axes
    10 | D        | Reached XP level 2. HP: 15/29 MP: 1/1
   216 | D        | Noticed an ogre
   218 | D        | Killed an ogre
   219 | D        | Reached XP level 3. HP: 39/39 MP: 2/2
   219 | D        | Reached XP level 4. HP: 47/47 MP: 3/3
   232 | D        | Noticed Sigmund
   244 | D        | Killed Sigmund
   244 | D        | Reached ** piety under Trog
   245 | D        | Reached skill level 10 in Axes
   245 | D        | Reached skill level 5 in Armour
   245 | D        | Reached skill level 5 in Dodging
   245 | D        | Reached XP level 5. HP: 25/57 MP: 4/4
   424 | D        | Found an ornate altar of the Wu Jian Council.
   424 | D        | Found a shimmering blue altar of Sif Muna.
   426 | D        | Found a radiant altar of Vehumet.
   427 | D        | Identified the +2 leather armour of Faanus {Rampage rC+
                  | Regen+ Stlth-}
   432 | D        | Reached XP level 6. HP: 65/66 MP: 5/5
   460 | D        | Found Sag Gibbu's Weapon Emporium.
   460 | D        | Found an ancient bone altar of Kikubaaqudgha.
   460 | D        | Found a hazy altar of Hepliaklqana.
   460 | D        | Found a hide-covered altar of Uskayaw.
   460 | D        | Found a basalt altar of Yredelemnul.
   460 | D        | Found an opulent altar of Gozag.
   460 | D        | Found a snail-covered altar of Cheibriados.
   460 | D        | Found a sacrificial altar of Ru.
   460 | D        | Found a shadowy altar of Dithmenos.
   460 | D        | Noticed a yak
   465 | D        | Killed a yak
   466 | D        | Found a stormy altar of Qazlal.
   466 | D        | Found a blossoming altar of Fedhas.
   466 | D        | Found a bloodstained altar of Trog.
   466 | D        | Found an iron altar of Okawaru.
   466 | D        | Found a glowing golden altar of the Shining One.
   466 | D        | Found a glowing silver altar of Zin.
   466 | D        | Found a white marble altar of Elyvilon.
   467 | D        | Found a sparkling altar of Nemelex Xobeh.
   487 | D        | Noticed Sonja
   503 | D        | HP: 5/102 [Sonja/+1 short sword of distortion (3)]
   505 | D        | Mangled by Sonja

Illustrated notes

Levels and vault maps discovered:
D:        dungeon_sprint_1 [red_sonja_temple_1, red_sonja_temple_small_1]

Skill      XL: |  1  2  3  4  5  6 |
---------------+-------------------+-----
Fighting       | 5 7 9 11 | 11.0
Axes           | 5 7 10 11 | 11.4
Armour         | 3 5 |  5.8
Dodging        | 3 4 5 6 |  6.2

Action                   |  1- 3 |  4- 6 || total
-------------------------+-------+-------++-------
Melee: Hand axe          |     7 |    23 ||    30
       Headbutt          |     1 |     6 ||     7
       Punch             |       |     1 ||     1
Invok: Berserk           |     2 |     1 ||     3
       Trog's Hand       |       |     1 ||     1
  Use: Potion            |       |     1 ||     1
Armor: Animal skin       |     1 |       ||     1
       Scale mail        |       |    11 ||    11
Dodge: Dodged            |     2 |     7 ||     9

Table legend: (Time is in decaauts)
 A = Elapsed time spent in this place.
 B = Non-inter-level travel time spent in this place.
 C = Inter-level travel time spent in this place.
 D = Time resting spent in this place.
 E = Time spent auto-exploring this place.
 F = Levels seen in this place.
 G = Mean time per level.
                   A        B        C        D        E       F      G
               +--------+--------+--------+--------+--------+-----+--------+
         Total |    520 |    520 |      0 |     12 |    374 |   1 |  520.0 |
       Dungeon |    520 |    520 |      0 |     12 |    374 |   1 |  520.0 |
               +--------+--------+--------+--------+--------+-----+--------+

Top non-repeatable levels by time:
       D: 520 daAuts
